 Dungeon Crawl Stone Soup version 0.22-a0-292-g0df9d5f (webtiles) character file.

7835 mhoghedin the Slinger (level 11, -9/91 HPs)
             Began as a Ghoul Ice Elementalist on Mar 23, 2018.
             Was a High Priest of Cheibriados.
             Mangled by a catoblepas (21 damage)
             ... on level 9 of the Dungeon.
             The game lasted 00:18:32 (7686 turns).

mhoghedin the Slinger (Ghoul Ice Elementalist)      Turns: 7686, Time: 00:18:32

Health: -9/91      AC: 14    Str: 27    XL:     11   Next: 21%
Magic:  0/14       EV: 16    Int: 32    God:    Cheibriados [*****.]
Gold:   547        SH:  6    Dex: 23    Spells: 2/13 levels left

rFire    . . .     SeeInvis +   r - +5 hunting sling
rCold    + . .     Gourm    .   y - +0 buckler
rNeg     + + +     Faith    .   n - +1 scale mail {MR+}
rPois    ∞         Spirit   +   b - +2 helmet {SInv}
rElec    .         Reflect  .   m - scarf {repulsion}
rCorr    .         Harm     .   (no gloves)
MR       +....                  q - +0 pair of boots
Stlth    +.........             o - amulet of guardian spirit {Spirit}
HPRegen  0.00/turn              i - +2 ring of protection
MPRegen  0.14/turn              x - +1 ring of evasion

@: brilliant, flying, rotting, repel missiles, very slow
A: rotting body, claws 1, carnivore, cold resistance 1, negative energy
resistance 3, inhibited regeneration, torment resistance, unbreathing
a: Bend Time, Temporal Distortion, Slouch, Step From Time, Renounce Religion


You were on level 9 of the Dungeon.
You worshipped Cheibriados.
Cheibriados was extremely pleased with you.
You were not hungry.

You visited 1 branch of the dungeon, and saw 9 of its levels.

You collected 547 gold pieces.

Inventory:

Hand Weapons
 j - a +0 spear
   (You found it on level 1 of the Dungeon)
 r - a +5 hunting sling (weapon)
   (You found it on level 2 of the Dungeon)
Missiles
 t - 214 stones (quivered)
Armour
 b - a +2 helmet of see invisible (worn)
   (You found it on level 6 of the Dungeon)
 m - a scarf of repulsion (worn)
   (You found it on level 6 of the Dungeon)
 n - a +1 scale mail of magic resistance (worn)
   (You found it on level 6 of the Dungeon)
 q - a +0 pair of boots (worn)
   (You found it on level 7 of the Dungeon)
 y - a +0 buckler (worn)
   (You found it on level 4 of the Dungeon)
Jewellery
 i - a +2 ring of protection (left claw)
   (You found it on level 1 of the Dungeon)
 o - an amulet of guardian spirit (around neck) {Spirit}
   (You found it on level 1 of the Dungeon)
 x - a +1 ring of evasion (right claw)
   (You found it on level 4 of the Dungeon)
Wands
 v - a wand of digging (15)
   (You found it on level 9 of the Dungeon)
 z - a wand of flame (39)
   (You took it off Sigmund on level 5 of the Dungeon)
 B - a wand of paralysis (15)
   (You found it on level 5 of the Dungeon)
Scrolls
 a - 3 scrolls of amnesia
 e - 2 scrolls of enchant weapon
 f - 2 scrolls of magic mapping {!r}
 g - 2 scrolls of enchant armour
 k - 3 scrolls of blinking {!r}
 w - 4 scrolls of remove curse
Potions
 h - 2 potions of curing
 p - a potion of ambrosia {unknown}
 s - a potion of might
 A - 2 potions of cancellation {unknown}
Comestibles
 c - 19 rations


   Skills:
 - Level 6.7 Fighting
 - Level 8.4 Slings
 - Level 3.8 Armour
 - Level 6.0 Dodging
 - Level 2.1 Stealth
 - Level 4.0 Shields
 - Level 1.7 Spellcasting
 - Level 0.7 Conjurations
 + Level 3.6 Summonings
 + Level 7.0 Ice Magic
 - Level 6.4 Invocations


You had 2 spell levels left.
You knew the following spells:

 Your Spells              Type           Power        Failure   Level  Hunger
a - Freeze                Ice            ####         1%          1    None
b - Summon Ice Beast      Ice/Summ       ######..     2%          4    ####...
g - Apportation           Tloc           ###...       1%          1    None
x - Throw Frost           Conj/Ice       #####.       1%          2    ##.....
A - Ozocubu's Armour      Chrm/Ice       #####...     1%          3    ###....


Dungeon Overview and Level Annotations

Branches:
Dungeon (9/15)             Temple (0/1) D:6             Orc (0/2) D:9
   Lair: D:8-11

Altars:
Ashenzari
Cheibriados
Dithmenos
Fedhas
Hepliaklqana
Kikubaaqudgha
Nemelex Xobeh
Okawaru
Qazlal
Ru
Xom
Zin

Shops:
D:4 =   D:8 %   D:9 *


Innate Abilities, Weirdness & Mutations

Your body is rotting away.
You thrive on raw meat.
You are immune to poison.
You have sharp fingernails.
You are carnivorous and can eat meat at any time.
Your flesh is cold resistant. (rC+)
You are immune to negative energy. (rN+++)
You do not regenerate when monsters are visible.
You are immune to unholy pain and torment.
You can survive without breathing.


Message History

Cheibriados thoroughly appreciates the change of pace.
No target in view!
No target in view!
No target in view!
No target in view!
MP restored: 14
t - 216 stones (gained 1)
You see here a quokka corpse.
A - a smoky pink potion
A - 2 smoky pink potions (gained 1)
Okay, then.
Search for what [Enter for "polearm", or ? for help]? ego
Items here: )) = [ a cursed ring of loudness {Stlth-}; a dagger; a shortbow; a leather armour
Items here: [ ÷÷÷ †† a robe; a worker ant corpse; a yak corpse; a yak skeleton x3
The catoblepas bellows!
The catoblepas is too close now for your liking.
There is an open door here.
You regained 8 hp, and now have 76/91 hp.
Okay, then.
Unknown command.
A chill wind blows around you.
You now have 10/14 mp.
You don't know that spell.
A chill wind blows around you.
The catoblepas breathes a plume of calcifying dust at you.
The blast of calcifying dust hits you!
You take 2 damage, and have 74/91 hp.
You now have 5/14 mp.
Your ice beast is engulfed in calcifying dust.
Your ice beast is moving more slowly.
Your ice beast hits the catoblepas but does no damage.
Your ice beast hits the catoblepas.
Your ice beast freezes the catoblepas!
The catoblepas gores your ice beast!
Your ice beast hits the catoblepas.
Your ice beast freezes the catoblepas!
What are your orders? t - Shout!
Orders for allies: a - Attack new target. r - Retreat! s - Stop attacking. g - Guard the area. f - Follow me.
Anything else - Cancel.
Gang up on whom?
Aim: a catoblepas (moderately wounded) Attack!
Your ice beast hits the catoblepas but does no damage.
The catoblepas breathes a plume of calcifying dust at you.
The blast of calcifying dust hits your ice beast.
The blast of calcifying dust hits you!
Your ice beast hits the catoblepas.
Your ice beast freezes the catoblepas!
You take 2 damage, and have 72/91 hp.
You now have 5/14 mp.
Your ice beast stops moving altogether!
Your ice beast is engulfed in calcifying dust.
Your ice beast is moving more slowly.
Your ice beast hits the catoblepas but does no damage.
The catoblepas gores your ice beast!
Your ice beast dies!
The catoblepas gores your ice beast!! A chill wind blows around you.
The catoblepas gores your ice beast!
You now have 1/14 mp.
You swap places.
The catoblepas gores your ice beast!!
Your ice beast dies!
The catoblepas gores your ice beast!!
Your ice beast is engulfed in calcifying dust.
Your ice beast is moving more slowly.
Your ice beast hits the catoblepas but does no damage.
Your ice beast is engulfed in calcifying dust.
Your ice beast stops moving altogether!
Your ice beast is engulfed in calcifying dust.
Firing (i - inventory)
t - 216 stones (quivered)
Aim: a catoblepas (heavily wounded)
You shoot a stone. The stone hits the catoblepas.
The catoblepas gores you!!
You take 29 damage, and have 43/91 hp.
MASSIVE DAMAGE!!
Firing (i - inventory)
t - 215 stones (quivered)
Aim: a catoblepas (heavily wounded)
You shoot a stone. The stone hits the catoblepas.
The catoblepas breathes a plume of calcifying dust at you.
The blast of calcifying dust hits you! You block the catoblepas's attack.
The catoblepas barely misses you.
You don't have enough magic to cast that spell.
Okay, then.
Unknown command.
It was a potion of flight.
You feel very buoyant.
You fly up into the air.
The catoblepas gores you!
You take 9 damage, and have 34/91 hp.
You now have 1/14 mp.
It was a potion of heal wounds.
You feel much better. The catoblepas closely misses you.
You regained 15 hp, and now have 49/91 hp.
It was a potion of brilliance.
You feel clever all of a sudden. The catoblepas gores you!
You take 17 damage, and have 32/91 hp.
The catoblepas breathes a plume of calcifying dust at you.
The blast of calcifying dust hits you!
You take 4 damage, and have 28/91 hp.
The catoblepas gores you!
* * * LOW HITPOINT WARNING * * *
The catoblepas gores you!!
You die...

#########################........
.................................
#######################..........
#....# #.......... #....#
######## #.......... #....#
#......# ##......... #....#
#.....§# #......... #....#
###...§§.# #.........
###....###>#..(Y@.#######........
..'....÷)..)....Y.'...[=.........
###.)Y))##.#......#######........
#.....##.#......# ##..'###.
#####(##.#......# #...# .
#####'##.#......# #######.'###.
#........#......# .............
#.......##......# ######....... #
#.......##......# #.......


You could see a catoblepas and a friendly ice beast (petrified).

Vanquished Creatures
  A hydra (D:9)
  The ghost of PegasusDuck the Ogre Mage, a novice OgWz of Kikubaaqudgha (D:8)
  The ghost of medis the Cutter, a novice HaSk (D:5)
  2 dream sheep (D:9)
  Sigmund (D:5)
  2 hippogriffs
  A hungry ghost (D:9)
  7 yaks (D:9)
  A water moccasin (D:6)
  2 sky beasts
  A phantom (D:7)
  5 ogres
  2 centaurs
  4 big kobolds
  7 bullfrogs
  Blork the orc (D:5)
  3 scorpions
  5 killer bees (D:9)
  16 wights
  4 howler monkeys
  A centaur zombie (D:9)
  3 crimson imps
  8 hounds
  2 orc priests
  A jelly (D:2)
  A bullfrog skeleton (D:6)
  4 centaur skeletons
  4 iguanas
  6 orc wizards
  10 worker ants
  A hound zombie (D:6)
  A howler monkey zombie (D:9)
  4 gnolls (D:2)
  11 adders
  A river rat (D:4)
  An ooze (D:2)
  4 adder skeletons
  2 worms
  3 dart slugs
  8 leopard geckos
  20 orcs
  9 bats
  9 giant cockroaches
  7 hobgoblins
  7 jackals
  2 quokkas
  2 ball pythons
  10 frilled lizards
  9 goblins
  2 jackal skeletons
  15 kobolds
  8 rats
243 creatures vanquished.

Notes
Turn   | Place    | Note
-------+----------+-------------------------------------------
     0 | D:1      | mhoghedin the Ghoul Ice Elementalist began the quest for the Orb.
     0 | D:1      | Reached XP level 1. HP: 14/14 MP: 2/2
   281 | D:1      | Reached skill level 4 in Ice Magic
   281 | D:1      | Reached XP level 2. HP: 20/20 MP: 3/3
   780 | D:2      | Reached XP level 3. HP: 25/26 MP: 0/4
   957 | D:2      | Reached skill level 5 in Ice Magic
  1100 | D:2      | Found a shimmering altar of Xom.
  1101 | D:2      | Found a stormy altar of Qazlal.
  1103 | D:2      | Found an iron altar of Okawaru.
  1104 | D:2      | Found a sacrificial altar of Ru.
  1104 | D:2      | Found a snail-covered altar of Cheibriados.
  1325 | D:2      | Reached skill level 1 in Slings
  1325 | D:2      | Reached XP level 4. HP: 32/33 MP: 5/5
  1391 | D:2      | Reached skill level 2 in Slings
  1391 | D:2      | Reached XP level 5. HP: 38/38 MP: 6/6
  1655 | D:2      | Found a blossoming altar of Fedhas.
  1725 | D:2      | Found a blossoming altar of Fedhas.
  1726 | D:2      | Found a glowing silver altar of Zin.
  1726 | D:2      | Found a shattered altar of Ashenzari.
  1967 | D:2      | Reached skill level 3 in Slings
  2090 | D:2      | Became a worshipper of Cheibriados the Contemplative
  2212 | D:3      | Reached XP level 6. HP: 45/45 MP: 7/7
  2218 | D:3      | Reached * piety under Cheibriados
  2222 | D:3      | Reached skill level 4 in Slings
  2529 | D:3      | Reached ** piety under Cheibriados
  2629 | D:3      | Noticed a hippogriff
  2634 | D:3      | Killed a hippogriff
  2634 | D:3      | Reached skill level 5 in Slings
  2634 | D:3      | Reached XP level 7. HP: 40/49 MP: 2/8
  2829 | D:3      | Learned a level 3 spell: Ozocubu's Armour
  2832 | D:3      | Learned a level 2 spell: Throw Frost
  2884 | D:4      | Reached skill level 6 in Slings
  3167 | D:4      | Reached *** piety under Cheibriados
  3167 | D:4      | Reached skill level 7 in Slings
  3174 | D:4      | Reached XP level 8. HP: 53/53 MP: 9/9
  3218 | D:4      | Found Bugos's Jewellery Shop.
  3390 | D:4      | Reached skill level 2 in Dodging
  3416 | D:4      | Found a sparkling altar of Nemelex Xobeh.
  3419 | D:4      | Found a shadowy altar of Dithmenos.
  3421 | D:4      | Found an ancient bone altar of Kikubaaqudgha.
  3598 | D:4      | Reached skill level 1 in Fighting
  3604 | D:4      | Reached skill level 1 in Shields
  3715 | D:5      | Entered Level 5 of the Dungeon
  3718 | D:5      | Noticed medis's ghost (novice HaSk)
  3823 | D:5      | Reached skill level 2 in Fighting
  3823 | D:5      | Reached skill level 1 in Invocations
  3874 | D:5      | Reached skill level 2 in Shields
  3921 | D:5      | Reached skill level 3 in Dodging
  3921 | D:5      | Reached skill level 2 in Invocations
  4003 | D:5      | Reached **** piety under Cheibriados
  4034 | D:5      | Reached skill level 3 in Fighting
  4060 | D:5      | Killed medis's ghost
  4060 | D:5      | Reached skill level 3 in Shields
  4060 | D:5      | Reached skill level 3 in Invocations
  4060 | D:5      | Reached XP level 9. HP: 55/70 MP: 8/10
  4066 | D:5      | Noticed Sigmund
  4072 | D:5      | Killed Sigmund
  4152 | D:5      | Reached skill level 4 in Fighting
  4313 | D:5      | Noticed Blork the orc
  4319 | D:5      | Killed Blork the orc
  4319 | D:5      | Reached skill level 4 in Dodging
  4631 | D:6      | Reached skill level 4 in Invocations
  4688 | D:6      | Found a staircase to the Ecumenical Temple.
  4754 | D:6      | Reached skill level 4 in Shields
  5210 | D:7      | Reached skill level 5 in Fighting
  5698 | D:7      | Reached skill level 5 in Invocations
  5877 | D:8      | Reached ***** piety under Cheibriados
  5884 | D:8      | Reached skill level 5 in Dodging
  5933 | D:8      | Reached XP level 10. HP: 82/82 MP: 13/13
  5946 | D:8      | Reached skill level 6 in Fighting
  6003 | D:8      | Reached skill level 6 in Invocations
  6021 | D:8      | Found Ibadwes's Food Boutique.
  6182 | D:8      | Found a hazy altar of Hepliaklqana.
  6409 | D:8      | Noticed PegasusDuck's ghost (novice OgWz)
  6426 | D:8      | Killed PegasusDuck's ghost
  6426 | D:8      | Reached skill level 6 in Dodging
  6476 | D:9      | Found Bamo Warr's Assorted Antiques.
  6664 | D:9      | Reached skill level 1 in Armour
  6693 | D:9      | Reached skill level 2 in Armour
  6878 | D:9      | Noticed a two-headed hydra
  6892 | D:9      | Killed a two-headed hydra
  6892 | D:9      | Reached skill level 8 in Slings
  6892 | D:9      | Reached skill level 3 in Armour
  6907 | D:9      | Learned a level 1 spell: Apportation
  6912 | D:9      | Learned a level 4 spell: Summon Ice Beast
  7182 | D:9      | Noticed a catoblepas
  7190 | D:9      | Reached skill level 1 in Summonings
  7277 | D:9      | Found a staircase to the Orcish Mines.
  7293 | D:9      | Reached XP level 11. HP: 71/91 MP: 10/14
  7295 | D:9      | Reached skill level 2 in Summonings
  7309 | D:9      | Reached skill level 6 in Ice Magic
  7513 | D:9      | Reached skill level 3 in Summonings
  7543 | D:9      | Reached skill level 7 in Ice Magic
  7686 | D:9      | HP: 12/91 [catoblepas (16)]
  7686 | D:9      | Mangled by a catoblepas

Vault maps used:
D:1:      mrwooster_arrival_arrow, hangedman_decor_growths,
          hangedman_decor_opposing
D:2:      minmay_door_path, grunt_temple_overflow_open, first_ration,
          fedhas_altar_2
D:4:      gammafunk_temple_overflow_forgotten, serial_shops, nicolae_shop_stone,
          portal_sewer_entry_b, minmay_misc_feat_tower, minmay_lizard_king
D:5:      hangedman_abyss_or_decor_stagger, minmay_misc_feat_pillars,
          uniq_blork_the_orc, uniq_sigmund
D:6:      minmay_temple_entry_trees, minmay_misc_feat_square
D:8:      nicolae_overflow_crystal_walls, serial_shops, shop
D:9:      lemuel_round_altar, orc_0_dummy, serial_shops, shop, hangedman_ranch

Skill      XL: |  1  2  3  4  5  6  7  8  9 10 11 |
---------------+----------------------------------+-----
Ice Magic      | 4 5 7 |  7.0
Slings         | 1 2 3 5 7 8 |  8.4
Dodging        | 3 5 6 |  6.0
Fighting       | 3 5 6 |  6.7
Shields        | 3 4 |  4.0
Invocations    | 3 5 6 |  6.4
Armour         | 3 |  3.8
Summonings     | 1 3 |  3.6
Stealth        | |  2.1
Spellcasting   | |  1.7
Conjurations   | |  0.7

Action                   |  1- 3 |  4- 6 |  7- 9 | 10-12 || total
-------------------------+-------+-------+-------+-------++-------
Melee: Spear             |    80 |       |       |       ||    80
 Fire: Hunting sling     |    10 |   115 |   373 |   315 ||   813
 Cast: Freeze            |    21 |     1 |     7 |     2 ||    31
       Throw Frost       |       |       |     4 |       ||     4
       Ozocubu's Armour  |       |       |     1 |       ||     1
       Summon Ice Beast  |       |       |       |     3 ||     3
Invok: Bend Time         |       |       |       |     1 ||     1
       Temporal Distorti |       |       |       |     1 ||     1
Evoke: Wand              |       |       |       |     4 ||     4
  Use: Scroll            |       |     4 |    10 |     4 ||    18
       Potion            |       |       |       |     4 ||     4
 Stab: Sleeping          |     3 |       |       |       ||     3
  Eat: Chunk             |     3 |     2 |     7 |       ||    12
       Ration            |       |       |     1 |     2 ||     3
Armor: Robe              |    28 |     8 |    22 |       ||    58
       Scale mail        |       |       |     9 |    34 ||    43
Dodge: Dodged            |    69 |    18 |    78 |   101 ||   266
       Deflected         |       |     1 |     3 |     2 ||     6
Block: Buckler           |       |       |    27 |    35 ||    62

Table legend:
 A = Spawn XP
 B = Non-spawn XP
 C = Spawn XP percentage of total XP
 D = Spawn monster count
 E = Non-spawn monster count
 F = Spawn count percentage of total count
 G = Total turns spent on level
                    A         B        C        D         E        F      G
               +---------+---------+-------+---------+---------+-------+---------
         Total |       0 |   11194 |   0.0 |       0 |     243 |   0.0 |  7686
               +---------+---------+-------+---------+---------+-------+---------
           D:1 |       0 |      21 |   0.0 |       0 |      12 |   0.0 |   816
           D:2 |       0 |     247 |   0.0 |       0 |      36 |   0.0 |  1287
           D:3 |       0 |     440 |   0.0 |       0 |      32 |   0.0 |   736
           D:4 |       0 |     760 |   0.0 |       0 |      39 |   0.0 |   921
           D:5 |       0 |    1607 |   0.0 |       0 |      26 |   0.0 |   735
           D:6 |       0 |     714 |   0.0 |       0 |      14 |   0.0 |   691
           D:7 |       0 |     457 |   0.0 |       0 |      14 |   0.0 |   658
           D:8 |       0 |    1838 |   0.0 |       0 |      20 |   0.0 |   620
           D:9 |       0 |    5110 |   0.0 |       0 |      50 |   0.0 |  1222
               +---------+---------+-------+---------+---------+-------+---------

Vault maps used:
D:1:      mrwooster_arrival_arrow, hangedman_decor_growths,
          hangedman_decor_opposing
D:2:      minmay_door_path, grunt_temple_overflow_open, first_ration,
          fedhas_altar_2
D:4:      gammafunk_temple_overflow_forgotten, serial_shops, nicolae_shop_stone,
          portal_sewer_entry_b, minmay_misc_feat_tower, minmay_lizard_king
D:5:      hangedman_abyss_or_decor_stagger, minmay_misc_feat_pillars,
          uniq_blork_the_orc, uniq_sigmund
D:6:      minmay_temple_entry_trees, minmay_misc_feat_square
D:8:      nicolae_overflow_crystal_walls, serial_shops, shop
D:9:      lemuel_round_altar, orc_0_dummy, serial_shops, shop, hangedman_ranch

Table legend:
 A = Turns spent in this place as a percentage of turns spent in the entire game.
 B = Non-inter-level travel turns spent in this place as a percentage of non-inter-level travel turns spent in the entire game.
 C = Inter-level travel turns spent in this place as a percentage of turns spent in this place.
 D = Turns resting spent in this place as a percentage of non-inter-level travel turns spent in this place.
 E = Turns spent auto-exploring this place as a percentage of non-inter-level travel turns spent in this place.
 F = Non-inter-level travel turns spent in this place divided by the number of levels of this place that you've seen.
                   A       B       C       D       E      F
               +-------+-------+-------+-------+-------+----------------------
         Total | 100.0 | 100.0 |   5.5 |   8.2 |  70.9 | 807.2
       Dungeon | 100.0 | 100.0 |   5.5 |   8.2 |  70.9 | 807.2
               +-------+-------+-------+-------+-------+----------------------

Table legend:
 A = Kills in this place as a percentage of kills in entire the game.
 B = Kills by you in this place as a percentage of kills by you in the entire game.
 C = Kills by friends in this place as a percentage of kills by friends in the entire game.
 D = Other kills in this place as a percentage of other kills in the entire game.
 E = Experience gained in this place as a percentage of experience gained in the entire game.
 F = Experience gained in this place divided by the number of levels of this place that you have seen.
                   A       B       C       D       E      F
               +-------+-------+-------+-------+-------+----------------------
         Total | 100.0 | 100.0 |   N/A |   N/A | 100.0 | 1243.8
       Dungeon | 100.0 | 100.0 |   N/A |   N/A | 100.0 | 1243.8
               +-------+-------+-------+-------+-------+----------------------
